 Dungeon Crawl Stone Soup version 0.22.1-2-g9c5b331383 (webtiles) character file.

106828 Gargoyl the Cleaver (level 15, -8/129 HPs)
             Began as a Centaur Abyssal Knight on Nov 23, 2018.
             Was a High Priest of Lugonu.
             Mangled by a cyan very ugly thing (25 damage)
             ... on level 15 of the Dungeon.
             The game lasted 01:04:57 (39519 turns).

Gargoyl the Cleaver (Centaur Abyssal Knight)       Turns: 39519, Time: 01:04:58

Health: -8/129     AC: 32    Str: 19    XL:     15   Next: 98%
Magic:  33/33      EV:  4    Int: 11    God:    Lugonu [*****.]
Gold:   2768       SH:  9    Dex: 14    Spells: 14/14 levels left

rFire    + + .     SeeInvis +   s - +10 war axe "Kuoklustui" {holy, rF+ rN+ MP+9}
rCold    . . .     Gourm    .   C - +0 shield
rNeg     + . .     Faith    .   v - +3 chain mail {rF+}
rPois    +         Spirit   .   w - +2 hat {MR+}
rElec    .         Reflect  .   y - +1 cloak
rCorr    .         Harm     .   B - +2 pair of gloves {Dex+3}
MR       ++...                  T - +0 centaur barding
Stlth    ..........             D - amulet of magic regeneration
HPRegen  0.31/turn              I - ring of Migeikk {Dex+2 SInv}
MPRegen  0.48/turn              t - ring of poison resistance

@: very quick
A: large, hooves 3, icy blue scales 1, slimy green scales 1, clumsy 1, deformed
body, speed 2, tough skin 3
a: Depart the Abyss, Bend Space, Banish, Corrupt, Enter the Abyss, Renounce
Religion


You were on level 15 of the Dungeon.
You worshipped Lugonu.
Lugonu was extremely pleased with you.
You were not hungry.

You visited 4 branches of the dungeon, and saw 24 of its levels.
You visited the Abyss 3 times.
You also visited: Sewer.

You collected 2768 gold pieces.

Inventory:

Hand Weapons
 a - a +5 hand axe of draining
 s - the +10 war axe "Kuoklustui" (weapon) {holy, rF+ rN+ MP+9}
   (You found it on level 4 of the Dungeon)

   It has been blessed by the Shining One to cause great damage to the undead
   and demons.
   It protects you from fire.
   It protects you from negative energy.
   It affects your magic capacity (+9).
 P - a +1 demon trident
Missiles
 R - 30 tomahawks (quivered)
 W - 4 silver tomahawks
Armour
 v - a +3 chain mail of fire resistance (worn)
 w - a +2 hat of magic resistance (worn)
 y - a +1 cloak (worn)
 B - a +2 pair of gloves of dexterity (worn)
 C - a +0 shield (worn)
 T - a +0 centaur barding (worn)
 U - a +1 chain mail of cold resistance
Jewellery
 h - an uncursed ring of protection from fire
 t - a ring of poison resistance (right hand)
 D - an amulet of magic regeneration (around neck)
 I - the ring of Migeikk (left hand) {Dex+2 SInv}
   (You found it on level 2 of the Lair of Beasts)

   [ring of see invisible]

   It affects your dexterity (+2).
   It lets you see invisible.
 M - a +5 ring of evasion
 S - an uncursed ring of protection from cold
Wands
 o - a wand of flame (140)
 q - a wand of disintegration (35)
 u - a wand of digging (14)
 x - a wand of polymorph (22)
 G - a wand of iceblast (27)
 J - a wand of paralysis (13)
 L - a wand of random effects (23)
 Q - a wand of acid (21)
 X - a wand of enslavement (9)
Scrolls
 b - 9 scrolls of teleportation
 k - 8 scrolls of fear
 p - 3 scrolls of identify
 A - 7 scrolls of remove curse
 H - a scroll of silence
 K - 3 scrolls of amnesia
 V - a scroll of fog
Potions
 d - 8 potions of curing
 e - 3 potions of brilliance
 f - 5 potions of lignification
 g - 2 potions of heal wounds
 i - 3 potions of might
 j - 4 potions of flight
 l - 2 potions of mutation
 m - 5 potions of berserk rage
 n - 4 potions of magic
 r - 7 potions of haste
 z - 3 potions of agility {unknown}
 E - 3 potions of ambrosia
 N - a potion of resistance {unknown}
 O - a potion of invisibility {unknown}
Comestibles
 c - 29 rations


   Skills:
 + Level 11.1 Fighting
 + Level 14.3(14.4) Axes
 + Level 2.1(9.8) Polearms
 + Level 3.3 Throwing
 * Level 12.3 Armour
 + Level 3.8 Dodging
 + Level 3.8 Shields
 * Level 13.2 Invocations
 + Level 2.2 Evocations


You had 14 spell levels left.
You didn't know any spells.
Your spell library contained the following spells:

 Spells                   Type           Power        Failure   Level  Hunger
 Animate Skeleton         Necr           N/A          100%        1    ##.....
 Apportation              Tloc           #.....       100%        1    ##.....
 Confusing Touch          Hex            #.....       100%        1    ##.....
 Freeze                   Ice            #...         100%        1    ##.....
 Pain                     Necr           #...         100%        1    ##.....
 Shock                    Conj/Air       #...         100%        1    ##.....
 Summon Small Mammal      Summ           #...         100%        1    ##.....
 Poisonous Vapours        Pois/Air       #.....       100%        2    ###....
 Swiftness                Chrm/Air       #.......     100%        2    ###....
 Throw Frost              Conj/Ice       #.....       100%        2    ###....
 Conjure Flame            Conj/Fire      #.......     100%        3    ####...
 Mephitic Cloud           Conj/Pois/Air  #.......     100%        3    ####...
 Ozocubu's Armour         Chrm/Ice       #.......     100%        3    ####...
 Recall                   Summ/Tloc      N/A          100%        3    ####...
 Regeneration             Chrm/Necr      #.........   100%        3    ####...
 Static Discharge         Conj/Air       #.......     100%        3    ####...
 Vampiric Draining        Necr           #.........   100%        3    ####...
 Airstrike                Air            #.........   100%        4    #####..
 Animate Dead             Necr           N/A          100%        4    #####..
 Summon Ice Beast         Ice/Summ       #.......     100%        4    #####..
 Throw Icicle             Conj/Ice       #.......     100%        4    #####..
 Aura of Abjuration       Summ           #.........   100%        5    ######.
 Irradiate                Conj/Tmut      #.........   100%        5    ######.
 Lightning Bolt           Conj/Air       #.........   100%        5    ######.
 Summon Demon             Summ           #.........   100%        5    ######.
 Summon Forest            Summ/Tloc      #.........   100%        5    ######.
 Summon Mana Viper        Hex/Summ       #.......     100%        5    ######.
 Freezing Cloud           Conj/Ice/Air   #.........   100%        6    #######
 Hydra Form               Tmut           #.........   100%        6    #######
 Shadow Creatures         Summ           N/A          100%        6    #######
 Statue Form              Tmut/Erth      #........    100%        6    #######
 Dragon Form              Tmut           #.........   100%        7    #######
 Ring of Flames           Chrm/Fire      #.........   100%        7    #######
 Ignition                 Fire           #.........   100%        8    #######
 Shatter                  Erth           #.........   100%        9    #######
 Tornado                  Air            #.........   100%        9    #######


Dungeon Overview and Level Annotations

Branches:
Dungeon (15/15)            Temple (0/1) D:5            Lair (6/6) D:11
  Swamp (0/4) Lair:2       Spider (0/4) Lair:2        Slime (0/5) Lair:6
    Orc (2/2) D:12            Elf (0/3) Orc:2        Vaults (0/5) D:13
 Depths (1/5) D:15

Altars:
Ashenzari
Cheibriados
Elyvilon
Makhleb
Nemelex Xobeh
Qazlal
Uskayaw
Vehumet
Wu Jian
Xom
Yredelemnul

Shops:
Orc:2 %([(}

Portals:
Hell: Lair:6
Trove: D:12 (give 5 scrolls of blinking)


Innate Abilities, Weirdness & Mutations

You have hooves in place of feet.
Armour fits poorly on your strangely shaped body.
You cover ground very quickly.
You have extremely tough skin. (AC +3)
You are partially covered in icy blue scales. (AC +2)
You are partially covered in slimy green scales. (AC +2)
You are clumsy. (Dex -2)


Message History

The cyan very ugly thing shocks you!!
* * * LOW HITPOINT WARNING * * *
Your shield prevents you from hitting the cyan very ugly thing.
You kick the cyan very ugly thing.
The cyan very ugly thing is severely wounded.
You hit the cyan very ugly thing. You kick the cyan very ugly thing.
The cyan very ugly thing is severely wounded.
The cyan very ugly thing trunk-slaps you but does no damage.
You slash the cyan very ugly thing!
You kick the cyan very ugly thing, but do no damage.
The cyan very ugly thing is almost dead.
The cyan very ugly thing trunk-slaps you.
* * * LOW HITPOINT WARNING * * *
The cyan very ugly thing shocks you!!
* * * LOW HITPOINT WARNING * * *
You feel much better.
The cyan very ugly thing trunk-slaps you.
* * * LOW HITPOINT WARNING * * *
The cyan very ugly thing shocks you!!
You die...

#.......'.........'.....
##...####.........####..
#...## ##.......## ##.
##.## ##.....## ## #.#
##...## #. #.# ########
#. #.# ##.....## #. #.#
##.......##### #. #.#
#@.#####.....####.
#.#####u......##...##..
#.#...##.....###.8..###
#......########......##
###.###.# #............
#.# #.###..#.....####
#.# #...<.)).....# # #.#
#####..#.....# #.#
#..#.....#


You could see a cyan very ugly thing.

Vanquished Creatures
  Gastronok (Lair:2)
  Agnes (D:14)
  A very ugly thing (D:14)
  A stone giant (Depths:1)
  Nessos (D:13)
  Snorg (D:14)
  A fire dragon (D:15)
  A rakshasa (D:15)
  2 ice dragons (D:15)
  8 vault guards
  2 death knights
  5 centaur warriors
  5 two-headed ogres
  3 death yaks
  2 tengu warriors
  4 orc high priests (Orc:2)
  Urug (D:13)
  A hell knight (D:15)
  A sixfirhy (Lair:6)
  A wizard (Lair:6)
  2 skeletal warriors (D:15)
  2 unseen horrors
  5 orc knights (Orc:2)
  11 ugly things
  A necromancer (D:12)
  4 deep elf magi
  6 cyclopes
  2 manticores
  6 orc sorcerers
  5 elephants (Lair:5)
  2 centaur zombies (D:14)
  A guardian serpent (shapeshifter) (D:15)
  Maurice (Orc:2)
  3 black mambas
  15 spiny frogs
  2 orange demons (Lair:6)
  2 gargoyles
  A torpor snail (Lair:2)
  2 rime drakes (Lair:6)
  A kobold demonologist (D:15)
  6 komodo dragons
  A freezing wraith (D:15)
  2 ice devils (Lair:2)
  An efreet (D:15)
  A hellwing (Lair:6)
  3 red devils (Lair:6)
  A tyrant leech (Lair:2)
  7 trolls
  2 polar bears (D:8)
  A hornet (D:11)
  A jumping spider (Lair:2)
  16 slime creatures
  16 blink frogs
  10 hippogriffs
  A redback (Lair:2)
  3 centaur simulacra (D:15)
  2 shadows (D:12)
  A water elemental (D:14)
  A vampire (D:15)
  5 wyverns
  3 wraiths
  27 yaks
  A ynoxinul (Abyss:1)
  4 basilisks
  A hog (shapeshifter) (Depths:1)
  6 hungry ghosts
  14 vampire mosquitoes
  2 swamp worms (Lair:2)
  4 porcupines
  15 water moccasins
  2 acid dragons (D:15)
  A soldier ant (D:13)
  4 hell hounds (Lair:6)
  3 ice beasts
  23 orc warriors
  3 sky beasts
  A hornet zombie (D:13)
  2 eyes of draining
  A black bear (D:9)
  A necrophage (D:8)
  A boggart (D:15)
  10 ogres
  A boggart (shapeshifter) (D:12)
  3 centaurs
  13 crocodiles
  17 bullfrogs
  4 big kobolds
  A gnoll sergeant (Orc:2)
  A wyvern zombie (D:8)
  4 scorpions
  A water moccasin skeleton (D:9)
  10 killer bees
  10 wights
  2 howler monkeys
  7 electric eels
  9 crimson imps
  3 quasits
  5 hounds
  7 jellies
  2 bullfrog zombies
  15 orc priests
  21 orc wizards
  Crazy Yiuf (D:7)
  5 centaur skeletons
  6 iguanas
  14 worker ants
  3 hell rats
  2 killer bee zombies
  6 gnolls
  2 howler monkey skeletons
  22 adders
  8 river rats
  11 shadow imps
  A white imp (D:8)
  A worker ant simulacrum (D:8)
  10 oozes
  2 adder zombies
  6 worms
  4 dart slugs
  11 leopard geckos
  70 orcs
  10 giant cockroaches
  11 goblins
  6 hobgoblins
  13 jackals
  7 quokkas
  7 ball pythons
  8 bats
  3 frilled lizards
  24 kobolds
  A leopard gecko simulacrum (D:8)
  A quokka zombie (D:7)
  16 rats
  A spectral orc (D:6)
  5 fungi
  2 plants (Lair:4)
763 creatures vanquished.

Vanquished Creatures (collateral kills)
  A jumping spider (Lair:2)
1 creature vanquished.

Vanquished Creatures (others)
  An azure jelly (shapeshifter) (D:15)
  5 hydras
  An ugly thing (D:11)
  A freezing wraith (D:14)
  A jumping spider (Lair:2)
  A vampire (D:11)
  A water moccasin (Lair:6)
  A leopard gecko (D:6)
  An orc (D:6)
  A giant cockroach (D:6)
  6 fungi
  3 plants
23 creatures vanquished.

Grand Total: 787 creatures vanquished

Notes
Turn   | Place    | Note
-------+----------+-------------------------------------------
     0 | Abyss:1  | Gargoyl the Centaur Abyssal Knight began the quest for the
                  | Orb.
     0 | Abyss:1  | Reached XP level 1. HP: 19/19 MP: 2/2
    85 | Abyss:2  | Noticed a wretched star
    87 | D:1      | Escaped the Abyss
   137 | D:1      | Reached * piety under Lugonu
   137 | D:1      | Reached skill level 2 in Axes
   148 | D:1      | Reached XP level 2. HP: 26/26 MP: 3/3
   783 | D:1      | Reached XP level 3. HP: 23/31 MP: 4/4
  1401 | D:2      | Reached skill level 1 in Dodging
  1401 | D:2      | Reached XP level 4. HP: 33/39 MP: 4/6
  1530 | D:2      | Found a white marble altar of Elyvilon.
  1558 | D:2      | Reached ** piety under Lugonu
  1920 | D:3      | Reached XP level 5. HP: 45/46 MP: 7/7
  2043 | D:3      | Reached skill level 3 in Axes
  2150 | D:3      | Noticed a hand axe
  2150 | D:3      | Noticed a hand axe
  2151 | D:3      | Found a hide-covered altar of Uskayaw.
  2467 | D:3      | Reached *** piety under Lugonu
  3108 | D:4      | Reached XP level 6. HP: 36/52 MP: 8/8
  3363 | D:4      | Found a glowing drain.
  3378 | Sewer    | Entered a sewer
  3794 | Sewer    | Reached XP level 7. HP: 55/59 MP: 9/9
  3810 | Sewer    | Reached skill level 4 in Axes
  3870 | Sewer    | Reached **** piety under Lugonu
  4070 | D:4      | Got a scorched war axe
  4071 | D:4      | Identified the +10 war axe "Kuoklustui" {holy, rF+ rN+
                  | MP+9} (You found it on level 4 of the Dungeon)
  4350 | D:4      | Found an opulent altar of Gozag.
  4352 | D:4      | Found a snail-covered altar of Cheibriados.
  4352 | D:4      | Found a white marble altar of Elyvilon.
  4355 | D:4      | Found a stormy altar of Qazlal.
  4355 | D:4      | Found a shimmering altar of Xom.
  4355 | D:4      | Found a sparkling altar of Nemelex Xobeh.
  4500 | D:4      | Reached XP level 8. HP: 63/67 MP: 11/11
  4537 | D:4      | Found a shattered altar of Ashenzari.
  4877 | D:5      | Entered Level 5 of the Dungeon
  4882 | D:5      | Reached skill level 5 in Axes
  5027 | D:5      | Found a staircase to the Ecumenical Temple.
  5160 | D:5      | Found a radiant altar of Vehumet.
  5343 | D:6      | Reached skill level 5 in Fighting
  5602 | D:6      | Found a snail-covered altar of Cheibriados.
  5634 | D:6      | Reached skill level 6 in Axes
  5651 | D:6      | Reached skill level 5 in Invocations
  5652 | D:6      | Found an ornate altar of the Wu Jian Council.
  5669 | D:6      | Reached ***** piety under Lugonu
  5670 | D:6      | Reached skill level 5 in Armour
  5797 | D:6      | Gained mutation: You have sharp fingernails. [potion of
                  | mutation]
  5797 | D:6      | Gained mutation: You are agile. (Dex +2) [potion of
                  | mutation]
  5798 | D:6      | Lost mutation: You are agile. (Dex +2) [potion of mutation]
  5798 | D:6      | Lost mutation: You have sharp fingernails. [potion of
                  | mutation]
  5798 | D:6      | Gained mutation: You passively map a small area around you.
                  | [potion of mutation]
  5798 | D:6      | Gained mutation: You are weak. (Str -2) [potion of
                  | mutation]
  5798 | D:6      | Gained mutation: You have supernaturally acute eyesight.
                  | (SInv) [potion of mutation]
  5798 | D:6      | Gained mutation: You are partially covered in slimy green
                  | scales. (AC +2) [potion of mutation]
  6139 | D:6      | Found a basalt altar of Yredelemnul.
  6337 | D:7      | Reached XP level 9. HP: 47/74 MP: 13/13
  7206 | D:7      | Found a runed door.
  7434 | D:7      | Noticed Crazy Yiuf
  7439 | D:7      | Killed Crazy Yiuf
  7515 | D:8      | Reached skill level 7 in Axes
  8189 | D:8      | Noticed a polar bear
  8197 | D:8      | Killed a polar bear
  8564 | D:8      | Found a snail-covered altar of Cheibriados.
  8765 | D:8      | Noticed a polar bear
  8776 | D:8      | Killed a polar bear
  9032 | D:9      | Reached XP level 10. HP: 59/83 MP: 15/15
  9036 | D:9      | Reached skill level 8 in Axes
 10473 | D:10     | Entered Level 10 of the Dungeon
 10495 | D:10     | Noticed a two-headed ogre
 10807 | D:10     | Killed a two-headed ogre
 10807 | D:10     | Reached skill level 9 in Axes
 10909 | D:10     | Found a basalt altar of Yredelemnul.
 11034 | D:10     | Noticed a gargoyle
 11046 | D:10     | Killed a gargoyle
 11752 | D:10     | Reached XP level 11. HP: 61/91 MP: 16/16
 12562 | D:10     | Noticed a tengu warrior
 12582 | D:10     | Killed a tengu warrior
 13324 | D:11     | Escaped the Abyss
 13865 | D:11     | Noticed a death yak
 14025 | D:11     | Noticed a death yak
 14026 | D:11     | Noticed a death yak
 14049 | D:11     | Reached skill level 10 in Axes
 14049 | D:11     | Reached XP level 12. HP: 101/101 MP: 18/18
 14069 | D:11     | Killed a death yak
 14573 | D:11     | Killed a death yak
 14661 | D:11     | Found a staircase to the Lair.
 14697 | D:10     | Killed a death yak
 14968 | D:11     | HP: 4/101 [white ugly thing (28)]
 15519 | D:11     | Lost mutation: You are weak. (Str -2) [potion of mutation]
 15519 | D:11     | Lost mutation: You passively map a small area around you.
                  | [potion of mutation]
 15519 | D:11     | Lost mutation: You have supernaturally acute eyesight.
                  | (SInv) [potion of mutation]
 15519 | D:11     | Gained mutation: You are partially covered in icy blue
                  | scales. (AC +2) [potion of mutation]
 15859 | Lair:1   | Entered Level 1 of the Lair of Beasts
 16966 | Lair:2   | Noticed an eight-headed hydra
 16968 | Lair:2   | Banished an eight-headed hydra
 17652 | Lair:2   | Found a staircase to the Swamp.
 17839 | Lair:2   | Got a shimmering steel ring
 17840 | Lair:2   | Identified the ring of Migeikk {Dex+2 SInv} (You found it
                  | on level 2 of the Lair of Beasts)
 17873 | Lair:2   | Noticed Gastronok
 18211 | Lair:2   | Reached skill level 11 in Axes
 18216 | Lair:2   | Reached skill level 10 in Invocations
 18229 | Lair:1   | Reached XP level 13. HP: 98/108 MP: 20/20
 18276 | Lair:2   | Killed Gastronok
 18556 | Lair:2   | Found a hole to the Spider Nest.
 19560 | Lair:3   | Reached skill level 10 in Armour
 20976 | Lair:4   | You fall through a shaft for 2 floors!
 20976 | Lair:6   | Entered Level 6 of the Lair of Beasts
 21481 | Lair:4   | Got a distressingly furry chain mail
 21492 | Lair:4   | Identified the +6 chain mail "Ykluepp" {rCorr Int+7 Dex-5
                  | Stlth+} (You found it on level 4 of the Lair of Beasts)
 22885 | Lair:5   | Escaped the Abyss
 23483 | Lair:6   | Reached skill level 12 in Axes
 24734 | Lair:6   | Found a burning altar of Makhleb.
 24736 | Lair:6   | Reached XP level 14. HP: 119/119 MP: 22/22
 25137 | Lair:6   | Found a staircase to the Slime Pits.
 25906 | Lair:6   | Found a gateway to Hell.
 26478 | D:12     | Found a staircase to the Orcish Mines.
 27157 | D:12     | Reached skill level 10 in Fighting
 27514 | D:12     | Reached skill level 1 in Shields
 27795 | D:12     | Found a portal to a secret trove of treasure.
 29737 | D:13     | Noticed Nessos
 30382 | D:13     | Noticed Urug
 30392 | D:13     | Killed Urug
 30392 | D:13     | Reached skill level 13 in Axes
 30423 | D:13     | Found a gate to the Vaults.
 30942 | D:13     | Killed Nessos
 31687 | D:14     | Noticed Snorg
 31700 | D:14     | Killed Snorg
 31700 | D:14     | Reached XP level 15. HP: 73/128 MP: 24/24
 31887 | D:14     | Noticed Agnes
 31903 | D:14     | Killed Agnes
 32968 | D:15     | Entered Level 15 of the Dungeon
 33700 | D:15     | Noticed an azure jelly
 34035 | D:15     | Banished an azure jelly
 34469 | D:15     | Found a staircase to the Depths.
 35290 | D:15     | Reached skill level 14 in Axes
 35851 | Orc:1    | Entered Level 1 of the Orcish Mines
 36401 | Orc:2    | Entered Level 2 of the Orcish Mines
 36408 | Orc:2    | Noticed Maurice
 36420 | Orc:2    | Paralysed by an orc sorcerer for 3 turns
 36428 | Orc:2    | Paralysed by an orc sorcerer for 3 turns
 36451 | Orc:2    | Killed Maurice
 37500 | Orc:2    | Found a staircase to the Elven Halls.
 37745 | Orc:2    | Found Worejeg's Gadget Shop.
 38470 | Orc:2    | Gained mutation: You are clumsy. (Dex -2) [a neqoxec]
 38614 | Orc:2    | Found Ysaileak's Weapon Shoppe.
 38614 | Orc:2    | Found Odanamar's Food Shop.
 38624 | Orc:2    | Found Veuts's Weapon Shoppe.
 38624 | Orc:2    | Found Saarutt's Antique Armour Shop.
 38802 | Depths:1 | Entered Level 1 of the Depths
 39518 | D:15     | HP: 1/129 [cyan very ugly thing (23)]
 39519 | D:15     | Mangled by a cyan very ugly thing

Skill      XL: |  1  2  3  4  5  6  7  8  9 10 11 12 13 14 15 |
---------------+----------------------------------------------+-----
Axes           | 2 3 4 6 7 9 10 11 12 13 14 | 14.3
Armour         | 2 3 4 5 6 7 8 9 10 11 12 | 12.3
Dodging        | 1 2 3 |  3.8
Invocations    | 3 4 5 6 7 9 10 11 12 13 | 13.2
Fighting       | 4 5 6 7 8 9 10 11 | 11.1
Polearms       | 2 |  2.1
Throwing       | 2 3 |  3.3
Evocations     | 2 |  2.2
Shields        | 2 3 |  3.8

Action                   |  1- 3 |  4- 6 |  7- 9 | 10-12 | 13-15 || total
-------------------------+-------+-------+-------+-------+-------++-------
Melee: Hand axe          |    67 |   232 |    39 |       |       ||   338
       Kick              |     9 |    40 |    61 |   142 |   551 ||   803
       War axe           |       |       |   232 |   444 |  1492 ||  2168
Throw: Tomahawk          |       |       |     1 |    11 |    12 ||    24
Invok: Depart the Abyss  |     1 |       |       |     1 |     1 ||     3
       Bend Space        |       |       |       |     2 |     1 ||     3
       Banish            |       |       |       |     7 |    13 ||    20
       Enter the Abyss   |       |       |       |     1 |     1 ||     2
  Use: Scroll            |     3 |     7 |     6 |    10 |    26 ||    52
       Potion            |       |       |     2 |     8 |     4 ||    14
  Eat: Chunk             |       |     7 |     8 |    13 |    36 ||    64
       Ration            |       |       |     2 |     7 |     9 ||    18
Armor: Leather armour    |    27 |    25 |       |       |       ||    52
       Chain mail        |       |   111 |   236 |   341 |  1012 ||  1700
Dodge: Dodged            |    43 |    65 |    81 |   117 |   315 ||   621
Block: Buckler           |       |       |       |       |    87 ||    87
       Shield            |       |       |       |       |   334 ||   334
